 Dungeon Crawl Stone Soup version 0.29-a0-284-gf9362112df (webtiles) character file.

Game seed: 16174730794852462080

29 GigaChad the Skirmisher (level 3, 0/33 HPs)
             Began as a Draconian Abyssal Knight on Apr 1, 2022.
             Was a Believer of Lugonu.
             Slain by a kobold
             ... wielding a +0 short sword of flaming
              (3 damage)
             ... on level 3 of the Dungeon.
             The game lasted 00:08:42 (1380 turns).

GigaChad the Skirmisher (Draconian Abyssal Knight)  Turns: 1380, Time: 00:08:43

Health: 0/33       AC:  5    Str: 15    XL:     3   Next: 1%
Magic:  4/4        EV: 12    Int: 12    God:    Lugonu [**....]
Gold:   51         SH:  0    Dex: 15    Spells: 2/2 levels left

rFire   . . .      SeeInvis .   i - +2 mace (venom)
rCold   . . .      Faith    .   (no shield)
rNeg    . . .      Spirit   .   (body armour unavailable)
rPois   .          Reflect  .   (helmet restricted)
rElec   .          Harm     .   (no cloak)
rCorr   .          Rampage  .   (no gloves)
Will    .....                   (no boots)
Stlth   +.........              (no amulet)
HPRegen 0.11/turn               (no ring)
MPRegen 0.09/turn               (no ring)

@: no status effects
A: AC +5, unfitting armour, cold-blooded, agile 1, clever 1, screaming 1
a: Renounce Religion, Depart the Abyss, Bend Space


You were on level 3 of the Dungeon.
You worshipped Lugonu.
Lugonu was pleased with you.
You visited 1 branch of the dungeon, and saw 3 of its levels.
You visited the Abyss 1 time.

You collected 51 gold pieces.

Inventory:

Hand Weapons
 a - a +1 falchion
 e - a +0 hand axe
 f - a +0 short sword
 g - a +2 spear of venom
 i - a +2 mace of venom (weapon)
Armour
 c - a +0 helmet
Scrolls
 h - a scroll of teleportation
Potions
 b - a potion of heal wounds {unknown}
 d - a potion of resistance {unknown}


   Skills:
 + Level 4.1 Fighting
 + Level 2.4 Long Blades
 + Level 0.1 Polearms
 + Level 2.3 Dodging
 + Level 2.0 Invocations


You had 2 spell levels left.
You didn't know any spells.
Your spell library was empty.

Dungeon Overview and Level Annotations

Branches:
Dungeon (3/15)

Altars:
Yredelemnul


Innate Abilities, Weirdness & Mutations

Your plain brown scales are hard. (AC +5)
You cannot fit into any form of body armour.
You are cold-blooded and may be slowed by cold attacks.
You are agile. (Dex +2)
Your mind is acute. (Int +2)
You occasionally shout uncontrollably at your foes.


Message History

The kobold burns you. The rat barely misses you.
You hit the endoplasm.
The endoplasm is severely wounded.
The kobold hits you with a +0 short sword of flaming.
The kobold burns you.
* * * LOW HITPOINT WARNING * * *
The rat barely misses you. The endoplasm hits you.
* * * LOW HITPOINT WARNING * * *
The endoplasm freezes you.
You are frozen.
* * * LOW HITPOINT WARNING * * *
The kobold hits you but does no damage. The rat closely misses you.
You thump the endoplasm!
You kill the endoplasm!
Lugonu accepts your kill.
The kobold hits you with a +0 short sword of flaming.
* * * LOW HITPOINT WARNING * * *
The kobold burns you.
* * * LOW HITPOINT WARNING * * *
The rat closely misses you.
You have reached level 3!
Your experience leads to an increase in your attributes!
Your base attributes are Str 15, Int 10, Dex 11.
Increase (S)trength, (I)ntelligence, or (D)exterity?
You feel agile. x2; Your scales feel tougher.
The kobold hits you but does no damage. The rat bites you.
* * * LOW HITPOINT WARNING * * *
You see here a +0 falchion.
The kobold barely misses you. The rat bites you.
* * * LOW HITPOINT WARNING * * *
The kobold attacks as you move away! The kobold hits you but does no damage.
The kobold throws a stone.
The stone barely misses you.
A kobold comes into view. It is wielding a +0 short sword.
You see here a +0 dagger.
The kobold shouts!
You hit the rat.
You kill the rat!
Lugonu accepts your kill.
The kobold hits you with a +0 short sword of flaming.
You die...

.... ...# ...###
########(....#
##....#.....#.#.
#####.....#...##....
#......#.<#.)....K..
#.P.P.....#.K....#..
#.._......#.@>......
#.P.P.#.###.....##..
##.....#.......#.# #
#..###.........#.#
##.##########.###.#
#...)....# #...
#.######.# #####
###.# .# <...# .#


You could see 2 kobolds.

Vanquished Creatures
  A dart slug (D:1)
  An orc (D:3)
  3 ball pythons (D:1)
  A bat (D:2)
  3 endoplasms
  A giant cockroach (D:1)
  4 goblins
  3 hobgoblins
  5 kobolds
  3 rats
25 creatures vanquished.

Notes
Turn   | Place    | Note
-------+----------+-------------------------------------------
     0 | Abyss:1  | GigaChad the Draconian Abyssal Knight began the quest for
                  | the Orb.
     0 | Abyss:1  | Reached XP level 1. HP: 19/19 MP: 2/2
     7 | D:1      | Escaped the Abyss
   238 | D:1      | Reached XP level 2. HP: 20/27 MP: 3/3
   392 | D:1      | Noticed a great orb of eyes
   394 | D:1      | Found a faded altar of an unknown god.
   396 | D:1      | Noticed a floating eye
   397 | D:1      | Noticed a floating eye
   397 | D:1      | Noticed a floating eye
   686 | D:2      | Gained mutation: You are agile. (Dex +2) [potion of
                  | mutation]
   686 | D:2      | Gained mutation: You occasionally shout uncontrollably at
                  | your foes. [potion of mutation]
   686 | D:2      | Gained mutation: Your mind is acute. (Int +2) [potion of
                  | mutation]
   813 | D:2      | Reached skill level 4 in Fighting
  1328 | D:3      | Found a basalt altar of Yredelemnul.
  1377 | D:3      | Reached XP level 3. HP: 4/33 MP: 4/4
  1380 | D:3      | Slain by a kobold

Illustrated notes

Levels and vault maps discovered:
D:1:      roderic_dead_forest, layout_loops_cross,
          hellmonk_ecumenical_altar_watching_god
D:2:      layout_basic, skrybe_limestone_x
D:3:      layout_basic, yredelemnul_altar_generic, nrook_uturn,
          hangedman_decor_opposing, minmay_tree_intersection,
          uniq_crazy_yiuf_cottage, uniq_robin, uniq_ijyb

Skill      XL: |  1  2 |
---------------+-------+-----
Fighting       | 4 |  4.1
Long Blades    | |  2.4
Polearms       | |  0.1
Dodging        | |  2.3
Invocations    | |  2.0

Action                   || total
-------------------------++-------
Melee: Falchion          ||    49
       Tailslap          ||     5
       Spear             ||    13
       Mace              ||    12
  Use: Scroll            ||     4
       Potion            ||     1
 Stab: Sleeping          ||     1
Armor: Skin              ||    32
Dodge: Dodged            ||    52

Table legend: (Time is in decaauts)
 A = Elapsed time spent in this place.
 B = Non-inter-level travel time spent in this place.
 C = Inter-level travel time spent in this place.
 D = Time resting spent in this place.
 E = Time spent auto-exploring this place.
 F = Levels seen in this place.
 G = Mean time per level.
                   A        B        C        D        E       F      G
               +--------+--------+--------+--------+--------+-----+--------+
         Total |   1394 |   1323 |     71 |      0 |      0 |   4 |  348.5 |
       Dungeon |   1387 |   1316 |     71 |      0 |      0 |   3 |  462.3 |
         Abyss |      7 |      7 |      0 |      0 |      0 |   1 |    7.0 |
               +--------+--------+--------+--------+--------+-----+--------+

Top non-repeatable levels by time:
     D:2: 694 daAuts
     D:1: 632 daAuts
     D:3: 59 daAuts
 Abyss:1: 7 daAuts
